Map: Corrosion EC

Players

MirroR - Winner!

  • Race: Terran Terran
  • League: Diamond
  • Spawn Location: 5:00

HoldTheDoor

  • Race: Protoss Protoss
  • League: Diamond
  • Spawn Location: 11:00

VOD

Have the link to the VOD?

Description

Time

  • Played on: July 12, 2018, 10:18 a.m.
  • Length: 12:11
Show
View Real Time Build Order
Export as new Build Order

MirroR Terran - Winner!

Build Orders: Reaper Expand, MMM Bio 

Get SALT Encoding   

  12  0:01  SCV  
  13  0:13  SCV  
  14  0:17  Supply Depot  
  14  0:25  SCV  
  15  0:38  SCV  
  15  0:40  Barracks  
  16  0:50  SCV, Refinery  
  17  1:02  SCV  
  18  1:15  SCV  
  19  1:27  Orbital Command  
  19  1:33  Reaper  
  20  1:56  SCV, Command Center  
  20  2:00  Supply Depot  
  21  2:05  Reaper  
  21  2:08  SCV  
  23  2:19  Barracks  
  23  2:23  SCV  
  24  2:35  SCV  
  25  2:37  Factory, Marine  
  25  2:48  SCV  
  26  2:56  Engineering Bay  
  26  3:00  SCV  
  27  3:09  Barracks Tech Lab  
  27  3:18  SCV  
  27  3:19  Marine  
  29  3:23  Orbital Command  
  29  3:27  Widow Mine  
  30  3:28  Marine, Stimpack  
  30  3:34  Barracks, Refinery  
  31  3:35  SCV  
  31  3:37  Marine  
  33  3:47  SCV, Marauder  
  36  3:58  Marine  
  36  4:01  Widow Mine  
  39  4:05  Orbital Command  
  39  4:08  Supply Depot  
  39  4:09  Marauder  
  41  4:16  Marine  
  42  4:22  Widow Mine  
  44  4:29  Marine  
  44  4:31  SCV x2, Marauder  
  49  4:43  SCV x2  
  51  4:46  Refinery  
  51  4:47  Starport  
  51  4:54  Marauder, Marine  
  54  5:07  Supply Depot x2, SCV x2, Marine, Terran Infantry Weapons Level 1  
  57  5:16  Barracks Reactor  
  57  5:17  Marauder  
  57  5:19  SCV x2  
  61  5:24  Supply Depot  
  61  5:29  Combat Shields  
  61  5:32  SCV  
  61  5:35  Starport Reactor, Marine  
  63  5:39  Marauder  
  63  5:40  SCV  
  66  5:44  SCV, Supply Depot  
  67  5:50  Missile Turret  
  67  5:52  SCV  
  67  5:53  Marine x2  
  67  5:54  Marine  
  67  5:56  SCV  
  72  6:00  Marauder  
  75  6:04  SCV  
  75  6:08  SCV  
  76  6:15  Command Center  
  76  6:16  SCV  
  77  6:23  Medivac x2  
  81  6:26  Marine x2  
  81  6:29  Barracks Reactor  
  83  6:37  Marauder  
  83  6:39  SCV  
  86  6:41  Refinery  
  86  6:44  Engineering Bay, Marine x2  
  86  6:46  Armory  
  88  7:00  Marauder  
  90  7:02  Marine x2, Medivac  
  93  7:18  Supply Depot, Terran Infantry Armor Level 1, Medivac  
  93  7:20  Supply Depot  
  93  7:22  Marine x5  
  99  7:23  Supply Depot  
  100  7:33  Medivac  
  102  7:39  SCV, Marine  
  102  7:40  SCV, Marine x3  
  102  7:42  Marine  
  109  7:47  Terran Infantry Weapons Level 2  
  109  7:48  Medivac  
  111  7:57  Marine  
  112  8:13  Marine x4  
  112  8:14  Medivac  
  112  8:15  SCV x2, Marine  
  112  8:16  Orbital Command  
  112  8:18  Medivac  
  123  8:27  SCV x2  
  123  8:30  Marine  
  123  8:31  Marauder, Marine x2  
  130  8:39  SCV x2  
  130  9:02  Marauder, Marine x4  
  133  9:03  Medivac x2  
  139  9:13  Concussive Shells  
  139  9:17  Barracks  
  139  9:18  SCV x2  
  139  9:19  Barracks, Factory  
  141  9:26  SCV  
  141  9:29  Marauder  
  141  9:30  Marine  
  141  9:31  Marine  
  141  9:33  Marine x2, Command Center  
  141  9:34  Terran Infantry Armor Level 2  
  141  9:35  Terran Vehicle Weapons Level 1  
  141  9:39  Missile Turret  
  141  9:40  Refinery x2  
  141  9:42  Supply Depot  
  141  9:43  Supply Depot  
  141  9:46  Supply Depot  
  141  9:48  Supply Depot, Marine  
  141  9:50  Supply Depot, Marine  
  142  10:07  Sensor Tower  
  142  10:10  Supply Depot x2  
  142  10:17  Barracks Tech Lab  
  142  10:18  Barracks Reactor  
  142  10:20  Command Center  
  142  10:24  Starport  
  137  10:52  Marauder x2, Marine x3  
  137  10:53  Viking x2  
  140  11:18  Marauder x2, Marine x4  
  123  11:19  Marine x2  
  123  11:20  Viking  
  123  11:23  Medivac x2  
  121  11:36  Marine  
  121  11:39  Marauder  
Show
View Real Time Build Order
Export as new Build Order

HoldTheDoor Protoss 

Build Orders:  

Get SALT Encoding   

  12  0:00  Probe  
  13  0:13  Probe  
  14  0:20  Pylon  
  14  0:25  Probe  
  15  0:38  Probe  
  15  0:42  Gateway  
  16  0:46  Probe  
  16  0:49  Assimilator  
  16  0:54  Probe  
  17  0:59  Assimilator  
  18  1:04  Probe  
  19  1:18  Gateway  
  19  1:19  Probe  
  20  1:29  Cybernetics Core  
  20  1:31  Probe  
  21  1:43  Probe  
  22  1:49  Pylon  
  22  1:51  Warp Gate  
  22  1:55  Probe  
  23  2:07  Stalker x2, Probe  
  28  2:16  Pylon  
  28  2:19  Probe  
  29  2:32  Robotics Facility  
  29  2:39  Stalker  
  31  2:48  Probe  
  32  2:59  Stalker  
  33  3:21  Immortal  
  37  3:30  Probe  
  38  3:38  Nexus  
  38  3:40  Pylon  
  38  3:52  Probe  
  38  3:54  Observer  
  40  4:04  Probe  
  40  4:07  Pylon  
  41  4:11  Forge  
  41  4:15  Pylon  
  41  4:21  Immortal  
  45  4:29  Probe  
  46  4:39  Assimilator  
  46  4:41  Probe, Pylon  
  47  4:46  Sentry  
  47  4:52  Stalker  
  51  4:54  Probe  
  51  4:56  Probe  
  53  5:01  Protoss Ground Armor Level 1  
  53  5:06  Probe  
  54  5:08  Probe  
  54  5:11  Photon Cannon  
  55  5:16  Photon Cannon  
  55  5:18  Probe  
  55  5:20  Probe  
  57  5:30  Probe  
  57  5:32  Probe  
  57  5:33  Pylon  
  57  5:34  Observer  
  60  5:38  Assimilator  
  60  5:42  Probe  
  61  5:44  Probe  
  61  5:49  Pylon  
  62  5:52  Robotics Bay  
  62  5:54  Probe  
  62  5:56  Probe  
  64  6:04  Immortal  
  64  6:06  Probe  
  64  6:08  Probe  
  66  6:16  Photon Cannon  
  70  6:18  Probe  
  71  6:27  Zealot x2  
  71  6:29  Probe  
  71  6:30  Probe  
  77  6:33  Forge  
  77  6:40  Pylon  
  77  6:41  Probe  
  77  6:42  Twilight Council  
  78  6:50  Nexus  
  78  6:52  Probe  
  79  6:56  Protoss Ground Weapons Level 1  
  79  7:00  Colossus  
  85  7:03  Probe  
  86  7:12  Charge  
  86  7:13  Protoss Ground Armor Level 2, Zealot x2  
  86  7:14  Probe  
  86  7:15  Probe  
  92  7:33  Pylon  
  92  7:34  Sentry  
  92  7:35  Zealot  
  92  7:36  Probe x2  
  98  7:48  Probe x2  
  98  7:50  Extended Thermal Lance  
  100  7:57  Assimilator  
  100  8:00  Probe x2, Pylon  
  100  8:03  Stalker x2  
  106  8:23  Shield Battery  
  106  8:25  Pylon  
  106  8:35  Zealot x2  
  89  9:18  Stalker x2  
  88  9:37  Colossus  
  88  9:38  Probe x2  
  90  9:42  Zealot x2  
  100  10:05  Nexus  
  100  10:08  Pylon  
  100  10:12  Pylon  
  100  10:16  Zealot x2, Photon Cannon  
  100  10:19  Photon Cannon  
  104  10:21  Pylon  
  104  10:23  Probe x2  
  106  10:29  Pylon  
  106  10:35  Probe  
  103  10:56  Zealot x2  
  103  11:01  Cybernetics Core  
  103  11:03  Immortal  
  95  11:07  Probe  
  95  11:08  Probe  
  89  11:19  Probe  
  89  11:20  Probe  
  85  11:32  Zealot x2  
  69  12:03  Stalker x2  
Tags
 
Composition
MMM Bio
Matchup
PvT
Spawn Locations
Cross Positions
Add a new tag
Caveats
  • Supply blocks, unpowered buildings, or Contaminate may cause inaccurate times.
  • Supply counts are checked every 10 seconds.